| TOP OF THE 1ST |
|
Auburn Doubledays batting - Pitching for Brooklyn Cyclones : RHP Geoff McDaniel
|
|
Pitching: RHP Geoff McDaniel
|
|
|
Batting: RHB John Savard
|
0-0: Ground out 6-3 (Groundball, 6, EV 100.0 MPH)
|
|
Batting: RHB Antonio Vallez
|
0-0: Foul Ball, location: 2F 0-1: Foul Ball, location: 2F 0-2: Foul Ball, location: 2F 0-2: Ball 1-2: SINGLE (Groundball, 4M, EV 100.0 MPH) (infield hit)
|
|
Batting: RHB Deshawn Boseman
|
0-0: Grounds into double play, 5-4-3 (Groundball, 56, EV 81.9 MPH)
|
| Top of the 1st over - 0 runs, 1 hit, 0 errors, 0 left on base; Auburn 0 - Brooklyn 0 |
| BOTTOM OF THE 1ST |
|
Brooklyn Cyclones batting - Pitching for Auburn Doubledays : RHP Chris Mosley
|
|
Pitching: RHP Chris Mosley
|
|
|
Batting: LHB Elmo Dreier
|
0-0: Called Strike 0-1: Swinging Strike 0-2: Foul Ball, location: 2F 0-2: Ball 1-2: SINGLE (Groundball, 4MD, EV 108.8 MPH)
|
|
Batting: SHB Callum Lynch
|
0-0: Swinging Strike 0-1: Swinging Strike 0-2: Ball 1-2: Strikes out looking
|
|
Batting: LHB Miguel Ramos
|
0-0: Called Strike 0-1: Ball 1-1: Foul Ball, location: 2F 1-2: Ball 2-2: SINGLE (Groundball, 4MD, EV 105.0 MPH) Elmo Dreier to second
|
|
Batting: RHB Jake Geib
|
0-0: Called Strike 0-1: Foul Ball, location: 2F 0-2: Ball 1-2: Foul Ball, location: 2F 1-2: Ball 2-2: Foul Ball, location: 2F 2-2: Foul Ball, location: 2F 2-2: Ball 3-2: Grounds into double play, 6-4-3 (Groundball, 6, EV 85.0 MPH)
|
| Bottom of the 1st over - 0 runs, 2 hits, 0 errors, 1 left on base; Auburn 0 - Brooklyn 0 |
| TOP OF THE 2ND |
|
Auburn Doubledays batting - Pitching for Brooklyn Cyclones : RHP Geoff McDaniel
|
|
Batting: RHB Naofumi Ishida
|
0-0: Called Strike 0-1: Ball 1-1: Called Strike 1-2: SINGLE (Flyball, 6MD, EV 86.2 MPH)
|
|
Batting: RHB Nick Moreno
|
0-0: Ball Pickoff Throw to First - Out! 1-3 1-0: Ball 2-0: Foul Ball, location: 2F 2-1: Called Strike 2-2: Strikes out looking
|
|
Batting: SHB Ed Thorpe Jr.
|
0-0: Ball 1-0: Called Strike 1-1: Ball 2-1: TRIPLE (Groundball, 5L, EV 108.1 MPH)
|
|
Batting: RHB Jim Towle
|
0-0: Called Strike 0-1: Foul Ball, location: 2F 0-2: Ball 1-2: Strikes out swinging
|
| Top of the 2nd over - 0 runs, 2 hits, 0 errors, 1 left on base; Auburn 0 - Brooklyn 0 |
| BOTTOM OF THE 2ND |
|
Brooklyn Cyclones batting - Pitching for Auburn Doubledays : RHP Chris Mosley
|
|
Batting: RHB Ryan Marler
|
0-0: Called Strike 0-1: Called Strike 0-2: Ball 1-2: Ball 2-2: Strikes out looking
|
|
Batting: RHB Victor Reyes
|
0-0: Ball 1-0: Foul Ball, location: 2F 1-1: Called Strike 1-2: SINGLE (Flyball, 34D, EV 92.5 MPH)
|
|
Batting: RHB Tom Primmer
|
0-0: Called Strike 0-1: Ball 1-1: Called Strike 1-2: Ball 2-2: Strikes out looking
|
|
Batting: SHB Duri Chilemba
|
0-0: Called Strike 0-1: Called Strike Victor Reyes steals 2nd base 0-2: Ground out 4-3 (Groundball, 4, EV 83.8 MPH)
|
| Bottom of the 2nd over - 0 runs, 1 hit, 0 errors, 1 left on base; Auburn 0 - Brooklyn 0 |
| TOP OF THE 3RD |
|
Auburn Doubledays batting - Pitching for Brooklyn Cyclones : RHP Geoff McDaniel
|
|
Batting: RHB Jelexiz Cuenca
|
0-0: Foul Ball, location: 2F 0-1: Ball 1-1: Ball 2-1: Ball 3-1: Base on Balls
|
|
Batting: RHB Scott Skoglund
|
0-0: Fielders Choice at 2nd, 3-6 (Groundball, 34, EV 79.4 MPH)
|
|
Batting: RHB John Savard
|
0-0: Ball 1-0: Called Strike 1-1: Ball 2-1: SINGLE (Line Drive, 89S, EV 105.0 MPH) Scott Skoglund to second
|
|
Batting: RHB Antonio Vallez
|
0-0: Called Strike 0-1: Called Strike 0-2: Ball 1-2: Strikes out looking
|
|
Batting: RHB Deshawn Boseman
|
0-0: Ball 1-0: Called Strike 1-1: Ball 2-1: Ball 3-1: DOUBLE (Line Drive, 9LS, EV 109.4 MPH) Scott Skoglund scores John Savard to third Runner from 3rd tries for Home, SAFE, no throw by RF
|
|
Batting: RHB Naofumi Ishida
|
0-0: Ground out U3 (Groundball, 3S, EV 89.4 MPH)
|
| Top of the 3rd over - 2 runs, 2 hits, 0 errors, 1 left on base; Auburn 2 - Brooklyn 0 |
| BOTTOM OF THE 3RD |
|
Brooklyn Cyclones batting - Pitching for Auburn Doubledays : RHP Chris Mosley
|
|
Batting: RHB Roberto Delgado
|
0-0: Ball 1-0: Swinging Strike 1-1: Foul Ball, location: 2F 1-2: Ball 2-2: Foul Ball, location: 2F 2-2: Ball 3-2: Base on Balls
|
|
Batting: LHB Elmo Dreier
|
0-0: Foul Ball, location: 2F 0-1: Grounds into double play, 4-6-3 (Groundball, 4, EV 100.0 MPH)
|
|
Batting: SHB Callum Lynch
|
0-0: Ball 1-0: Fly out, F4 (Line Drive, 34, EV 66.2 MPH)
|
| Bottom of the 3rd over - 0 runs, 0 hits, 0 errors, 0 left on base; Auburn 2 - Brooklyn 0 |
| TOP OF THE 4TH |
|
Auburn Doubledays batting - Pitching for Brooklyn Cyclones : RHP Geoff McDaniel
|
|
Batting: RHB Nick Moreno
|
0-0: Foul Ball, location: 2F 0-1: Swinging Strike 0-2: Hit by Pitch
|
|
Batting: SHB Ed Thorpe Jr.
|
0-0: TRIPLE (Flyball, 9LD, EV 100.0 MPH) Nick Moreno scores
|
|
Batting: RHB Jim Towle
|
0-0: DOUBLE (Flyball, 8RXD, EV 96.2 MPH) Ed Thorpe Jr. scores
|
|
Batting: RHB Jelexiz Cuenca
|
0-0: Ball Wild Pitch! Jim Towle to third 1-0: Ball 2-0: Called Strike 2-1: Swinging Strike 2-2: Ground out U3 (Groundball, 34, EV 90.6 MPH) Jim Towle scores
|
|
Batting: RHB Scott Skoglund
|
0-0: Called Strike 0-1: Ball 1-1: Swinging Strike 1-2: Strikes out swinging
|
|
Batting: RHB John Savard
|
0-0: Called Strike 0-1: Ball 1-1: Ball 2-1: Fly out, F7 (Line Drive, 78D, EV 94.4 MPH)
|
| Top of the 4th over - 3 runs, 2 hits, 0 errors, 0 left on base; Auburn 5 - Brooklyn 0 |
| BOTTOM OF THE 4TH |
|
Brooklyn Cyclones batting - Pitching for Auburn Doubledays : RHP Chris Mosley
|
|
Batting: LHB Miguel Ramos
|
0-0: Foul Ball, location: 2F 0-1: DOUBLE (Flyball, 8RXD, EV 103.8 MPH)
|
|
Batting: RHB Jake Geib
|
0-0: Called Strike 0-1: Ball 1-1: Swinging Strike 1-2: Strikes out swinging, 2-3 out at first.
|
|
Batting: RHB Ryan Marler
|
0-0: Called Strike 0-1: Ball 1-1: Foul Ball, location: 2F 1-2: Foul Ball, location: 2F 1-2: Foul Ball, location: 2F 1-2: Ground out 5-3 (Groundball, 56S, EV 77.5 MPH)
|
|
Batting: RHB Victor Reyes
|
0-0: Ground out 6-3 (Groundball, 6, EV 103.1 MPH)
|
| Bottom of the 4th over - 0 runs, 1 hit, 0 errors, 1 left on base; Auburn 5 - Brooklyn 0 |
| TOP OF THE 5TH |
|
Auburn Doubledays batting - Pitching for Brooklyn Cyclones : RHP Geoff McDaniel
|
|
Batting: RHB Antonio Vallez
|
0-0: Ball 1-0: Foul Ball, location: 2F 1-1: Swinging Strike 1-2: Ball 2-2: Ground out 5-3 (Groundball, 5, EV 98.1 MPH)
|
|
Batting: RHB Deshawn Boseman
|
0-0: Called Strike 0-1: Ball 1-1: Ball 2-1: Called Strike 2-2: Foul Ball, location: 2F 2-2: Ball 3-2: Foul Ball, location: 2F 3-2: Base on Balls
|
|
Pitching: RHP Jonathan Colyer
|
|
|
Batting: RHB Naofumi Ishida
|
0-0: Foul Ball, location: 2F 0-1: Ball 1-1: Foul Ball, location: 2F 1-2: Strikes out swinging
|
|
Batting: RHB Nick Moreno
|
0-0: Ball 1-0: Swinging Strike 1-1: 2-RUN HOME RUN (Flyball, 78XD, EV 110.6 MPH), Distance : 420 ft
|
|
Batting: SHB Ed Thorpe Jr.
|
0-0: Ground out 4-3 (Groundball, 4, EV 106.9 MPH)
|
| Top of the 5th over - 2 runs, 1 hit, 0 errors, 0 left on base; Auburn 7 - Brooklyn 0 |
| BOTTOM OF THE 5TH |
|
Brooklyn Cyclones batting - Pitching for Auburn Doubledays : RHP Chris Mosley
|
|
Batting: RHB Tom Primmer
|
0-0: Ball 1-0: Foul Ball, location: 2F 1-1: Ball 2-1: Swinging Strike 2-2: Ground out 5-3 (Groundball, 5, EV 80.6 MPH)
|
|
Batting: SHB Duri Chilemba
|
0-0: Ball 1-0: Ground out U3 (Groundball, 3L, EV 93.1 MPH)
|
|
Batting: RHB Roberto Delgado
|
0-0: Called Strike 0-1: Swinging Strike 0-2: Ball 1-2: Strikes out swinging
|
| Bottom of the 5th over - 0 runs, 0 hits, 0 errors, 0 left on base; Auburn 7 - Brooklyn 0 |
| TOP OF THE 6TH |
|
Auburn Doubledays batting - Pitching for Brooklyn Cyclones : RHP Jonathan Colyer
|
|
Batting: RHB Jim Towle
|
0-0: Called Strike 0-1: Ball 1-1: Ball 2-1: Foul Ball, location: 2F 2-2: Strikes out looking
|
|
Batting: RHB Jelexiz Cuenca
|
0-0: Called Strike 0-1: Ball 1-1: Called Strike 1-2: Ball 2-2: SINGLE (Line Drive, 78S, EV 105.0 MPH)
|
|
Batting: RHB Scott Skoglund
|
0-0: Ball 1-0: Ball 2-0: Swinging Strike 2-1: SINGLE (Groundball, 56D, EV 98.8 MPH) Jelexiz Cuenca to second
|
|
Batting: RHB John Savard
|
0-0: Called Strike 0-1: Grounds into double play, 6-4-3 (Groundball, 6, EV 87.5 MPH)
|
| Top of the 6th over - 0 runs, 2 hits, 0 errors, 1 left on base; Auburn 7 - Brooklyn 0 |
| BOTTOM OF THE 6TH |
|
Brooklyn Cyclones batting - Pitching for Auburn Doubledays : RHP Chris Mosley
|
|
Batting: LHB Elmo Dreier
|
0-0: Swinging Strike 0-1: Foul Ball, location: 2F 0-2: Foul Ball, location: 2F 0-2: SINGLE (Groundball, 34D, EV 106.2 MPH)
|
|
Batting: SHB Callum Lynch
|
0-0: Ball 1-0: Called Strike 1-1: SINGLE (Groundball, 4MD, EV 96.9 MPH) Elmo Dreier to second
|
|
Pitching: RHP John Kovach
|
|
|
Batting: LHB Miguel Ramos
|
0-0: Reached on error, E4 (Groundball, 4, EV 88.8 MPH) Elmo Dreier to third Callum Lynch to second
|
|
Batting: RHB Jake Geib
|
0-0: Swinging Strike 0-1: Swinging Strike 0-2: Strikes out swinging
|
|
Batting: RHB Ryan Marler
|
0-0: Called Strike 0-1: Foul Ball, location: 2F 0-2: Fielders Choice at 2nd, 6-4 (Groundball, 56, EV 84.4 MPH) Elmo Dreier scores Callum Lynch to third
|
|
Batting: RHB Victor Reyes
|
0-0: Called Strike 0-1: Ball 1-1: Ball 2-1: Ball 3-1: SINGLE (Groundball, 5S, EV 68.1 MPH) (infield hit) Callum Lynch scores Ryan Marler to second
|
|
Batting: RHB Tom Primmer
|
0-0: Ball 1-0: Ball 2-0: Foul Ball, location: 2F 2-1: Foul Ball, location: 2F 2-2: Fielders Choice at 2nd, 6-4 (Groundball, 6, EV 78.1 MPH)
|
| Bottom of the 6th over - 2 runs, 3 hits, 1 error, 2 left on base; Auburn 7 - Brooklyn 2 |
| TOP OF THE 7TH |
|
Auburn Doubledays batting - Pitching for Brooklyn Cyclones : RHP Jonathan Colyer
|
|
Batting: RHB Antonio Vallez
|
0-0: Foul Ball, location: 2F 0-1: Foul Ball, location: 2F 0-2: Fly out, F8 (Line Drive, 8LS, EV 98.1 MPH)
|
|
Batting: RHB Deshawn Boseman
|
0-0: Ground out U3 (Groundball, 34S, EV 81.9 MPH)
|
|
Batting: RHB Naofumi Ishida
|
0-0: Ball 1-0: Called Strike 1-1: Called Strike 1-2: Ball 2-2: Fly out, F8 (Flyball, 8RD, EV 79.4 MPH)
|
| Top of the 7th over - 0 runs, 0 hits, 0 errors, 0 left on base; Auburn 7 - Brooklyn 2 |
| BOTTOM OF THE 7TH |
|
Brooklyn Cyclones batting - Pitching for Auburn Doubledays : RHP John Kovach
|
|
Batting: SHB Duri Chilemba
|
0-0: Foul Ball, location: 2F 0-1: Ground out 4-3 (Groundball, 4, EV 91.9 MPH)
|
|
Batting: LHB Brian Levensailor
|
0-0: Ground out 6-3 (Groundball, 56D, EV 105.6 MPH)
|
|
Batting: LHB Elmo Dreier
|
0-0: Ground out 6-3 (Groundball, 6, EV 81.2 MPH)
|
| Bottom of the 7th over - 0 runs, 0 hits, 0 errors, 0 left on base; Auburn 7 - Brooklyn 2 |
| TOP OF THE 8TH |
|
Auburn Doubledays batting - Pitching for Brooklyn Cyclones : RHP Jonathan Colyer
|
|
Batting: RHB Nick Moreno
|
0-0: Called Strike 0-1: Foul Ball, location: 2F 0-2: Strikes out swinging
|
|
Batting: SHB Ed Thorpe Jr.
|
0-0: SINGLE (Line Drive, 89M, EV 111.2 MPH)
|
|
Batting: RHB Jim Towle
|
0-0: Swinging Strike 0-1: Foul Ball, location: 2F 0-2: Strikes out swinging
|
|
Batting: RHB Jelexiz Cuenca
|
0-0: Ball 1-0: Reached on error, E4 (Groundball, 4, EV 101.2 MPH) Ed Thorpe Jr. to second
|
|
Batting: RHB Scott Skoglund
|
0-0: Swinging Strike 0-1: Ball 1-1: Fly out, F9 (Flyball, 89D, EV 100.6 MPH)
|
| Top of the 8th over - 0 runs, 1 hit, 1 error, 2 left on base; Auburn 7 - Brooklyn 2 |
| BOTTOM OF THE 8TH |
|
Brooklyn Cyclones batting - Pitching for Auburn Doubledays : RHP John Kovach
|
|
Batting: SHB Callum Lynch
|
0-0: Ball 1-0: Called Strike 1-1: Ball 2-1: Ground out 6-3 (Groundball, 56, EV 98.1 MPH)
|
|
Batting: LHB Miguel Ramos
|
0-0: Foul Ball, location: 2F 0-1: Ball 1-1: Ball 2-1: SINGLE (Groundball, 6MD, EV 108.8 MPH)
|
|
Batting: RHB Jake Geib
|
0-0: Called Strike 0-1: Called Strike 0-2: Foul Ball, location: 2F 0-2: Fielders Choice at 2nd, 4-6 (Groundball, 4, EV 108.1 MPH)
|
|
Batting: RHB Ryan Marler
|
0-0: Called Strike 0-1: Ball Wild Pitch! Jake Geib to second 1-1: Ball 2-1: Fly out, F4 (Flyball, 4D, EV 86.2 MPH)
|
| Bottom of the 8th over - 0 runs, 1 hit, 0 errors, 1 left on base; Auburn 7 - Brooklyn 2 |
| TOP OF THE 9TH |
|
Auburn Doubledays batting - Pitching for Brooklyn Cyclones : RHP Jonathan Colyer
|
|
Batting: RHB John Savard
|
0-0: Ball 1-0: SINGLE (Groundball, 34D, EV 103.1 MPH)
|
|
Pitching: RHP Todd Cox
|
|
|
Batting: RHB Antonio Vallez
|
0-0: Called Strike John Savard steals 2nd base 0-1: Ball 1-1: Foul Ball, location: 2F 1-2: Strikes out looking
|
|
Batting: RHB Deshawn Boseman
|
0-0: Called Strike 0-1: Called Strike 0-2: Ball 1-2: Strikes out swinging
|
|
Batting: RHB Naofumi Ishida
|
0-0: Foul Ball, location: 2F 0-1: Swinging Strike 0-2: Strikes out swinging
|
| Top of the 9th over - 0 runs, 1 hit, 0 errors, 1 left on base; Auburn 7 - Brooklyn 2 |
| BOTTOM OF THE 9TH |
|
Brooklyn Cyclones batting - Pitching for Auburn Doubledays : RHP John Kovach
|
|
Batting: RHB Victor Reyes
|
0-0: Swinging Strike 0-1: Ball 1-1: Foul Ball, location: 2F 1-2: Ball 2-2: Foul Ball, location: 2F 2-2: Ground out 5-3 (Groundball, 56, EV 100.6 MPH)
|
|
Batting: RHB Tom Primmer
|
0-0: Ball 1-0: Ball 2-0: Ball 3-0: Base on Balls
|
|
Pitching: RHP Sam Wood
|
|
|
Batting: SHB Duri Chilemba
|
0-0: Grounds into double play, 5-4-3 (Groundball, 56, EV 83.1 MPH)
|
| Bottom of the 9th over - 0 runs, 0 hits, 0 errors, 0 left on base; Auburn 7 - Brooklyn 2 |
|